 Dungeon Crawl Stone Soup version 0.25.0-37-gb73750e0fb (console) character file.

Game seed: 7632488146010053577

244 Kagalorn the Covered (level 5, -5/46 HPs)
             Began as a Minotaur Wanderer on July 8, 2020.
             Slain by a gnoll shaman
             ... wielding a +0 whip
              (9 damage)
             ... on level 3 of the Dungeon.
             The game lasted 00:06:18 (2741 turns).

Kagalorn the Covered (Minotaur Wanderer)            Turns: 2741, Time: 00:06:19

Health: -5/46      AC:  6    Str: 20    XL:     5   Next: 83%
Magic:  7/7        EV: 10    Int:  7    God:
Gold:   152        SH:  0    Dex:  9    Spells: 8/8 levels left

rFire    + . .     SeeInvis .   a - +2 short sword (holy)
rCold    + . .     Gourm    .   (no shield)
rNeg     . . .     Faith    .   g - +0 ring mail
rPois    +         Spirit   .   (helmet restricted)
rElec    +         Reflect  .   (no cloak)
rCorr    +         Harm     .   (no gloves)
MR       .....                  (no boots)
Stlth    ..........             (no amulet)
HPRegen  0.15/turn              (no ring)
MPRegen  0.10/turn              (no ring)

@: lethally poisoned (-5 -> -34), resistant, flying
A: retaliatory headbutt, horns 2
a: no special abilities


You were on level 3 of the Dungeon.
You were hungry.

You visited 1 branch of the dungeon, and saw 4 of its levels.

You collected 152 gold pieces.

Inventory:

Hand Weapons
 a - a +2 short sword of holy wrath (weapon)
 r - a cursed +0 rapier
Missiles
 h - 72 stones (quivered)
 n - 9 poisoned darts
 p - 2 javelins
Armour
 g - a +0 ring mail (worn)
Scrolls
 c - 2 scrolls of teleportation
 d - a scroll of blinking {unknown}
 i - 2 scrolls of remove curse {unknown}
 k - 2 scrolls of enchant armour {unknown}
 l - a scroll of random uselessness {unknown}
 o - a scroll of identify {unknown}
Potions
 b - a potion of flight
 e - a potion of resistance
 j - 2 potions of ambrosia
 m - a potion of lignification {unknown}
 q - a potion of curing {unknown}
 s - a potion of cancellation {unknown}
Comestibles
 f - 6 rations


   Skills:
 + Level 4.2 Fighting
   Level 2.1 Bows
 + Level 4.4 Armour
   Level 2.4 Shields
 - Level 2.0 Spellcasting
   Level 2.9 Summonings


You had 8 spell levels left.
You didn't know any spells.
Your spell library contained the following spells:

 Spells                   Type           Power        Failure   Level  Hunger
 Call Imp                 Summ           #.......     28%         2    ###....
 Magic Dart               Conj           #...         52%         1    ##.....
 Shock                    Conj/Air       #...         52%         1    ##.....
 Blink                    Tloc           N/A          67%         2    ###....
 Slow                     Hex            #.......     67%         2    ###....
 Conjure Flame            Conj/Fire      #.......     88%         3    ####...
 Mephitic Cloud           Conj/Pois/Air  #.......     88%         3    ####...


Dungeon Overview and Level Annotations

Branches:
Dungeon (4/15)
 Temple: D:4-7

Altars:
Xom


Innate Abilities, Weirdness & Mutations

You reflexively headbutt those who attack you in melee.
You have a pair of horns on your head.


Message History

Unknown command.
You completely miss the gnoll.
The gnoll is moderately wounded.
* * * LOW HITPOINT WARNING * * *
You feel very sick. The gnoll shaman barely misses you.
The gnoll barely misses you.
It was a potion of flight.
You feel very buoyant.
You fly up into the air.
* * * LOW HITPOINT WARNING * * *
You feel sick.
The gnoll shaman hits you with a +0 whip.
* * * LOW HITPOINT WARNING * * *
The gnoll closely misses you. You furiously retaliate!
You headbutt the gnoll.
It was a potion of resistance.
You feel protected.
* * * LOW HITPOINT WARNING * * *
You feel very sick.
The gnoll shaman hits you with a +0 whip!
You die...

.###.#.# #......#####รท####
.##.#..# #.#.##.# #.#
.......###.#.##.#####.#
####.###...........##.#
#.........##.#.##.##.#
##.#..#..#.##.#.......#
).....#.........##.####
...#.....#.#..####<# #
...#..#.##.#...g@g.# ######
#..#.......#.#######
####...[. ........####.#
#......## #.####### ##.##
#.##.#.# #.# #...#
####.##.#.# ..# #...#
#.........# #.#
#...########..#.###..## #.##
#...#.........#.###.... #..#
######...#........).........


You could see a gnoll shaman and a gnoll.

Vanquished Creatures
  A phantom (D:1)
  A centaur skeleton (D:3)
  An orc wizard (D:3)
  A worker ant zombie (D:3)
  A gnoll (D:4)
  2 adders
  A worm (D:3)
  3 orcs
  4 giant cockroaches
  6 hobgoblins
  8 jackals
  A quokka (D:2)
  A ball python (D:3)
  8 bats
  2 frilled lizards
  6 goblins
  9 kobolds
  5 rats
61 creatures vanquished.

Notes
Turn   | Place    | Note
-------+----------+-------------------------------------------
     0 | D:1      | Kagalorn the Minotaur Wanderer began the quest for the Orb.
     0 | D:1      | Kagalorn set off with the following items: a +0 club, a
                  | scroll of teleportation, a +0 robe, a ration; and the
                  | following spells available to memorise: Call Imp, Magic
                  | Dart, Shock, Blink, Slow, Conjure Flame, Mephitic Cloud
     0 | D:1      | Reached XP level 1. HP: 14/14 MP: 1/1
   427 | D:1      | Reached skill level 1 in Fighting
   427 | D:1      | Reached XP level 2. HP: 22/23 MP: 2/2
  1031 | D:2      | Noticed a phantom
  1251 | D:2      | Reached XP level 3. HP: 27/29 MP: 4/4
  1494 | D:2      | Found an opulent altar of Gozag.
  1496 | D:2      | Found a shattered altar of Ashenzari.
  1496 | D:2      | Found a shimmering altar of Xom.
  1499 | D:2      | Found a shattered altar of Ashenzari.
  1499 | D:2      | Found a shimmering altar of Xom.
  1499 | D:2      | Found a radiant altar of Vehumet.
  2013 | D:3      | Reached XP level 4. HP: 37/37 MP: 5/5
  2314 | D:3      | Reached XP level 5. HP: 41/45 MP: 7/7
  2652 | D:1      | Killed a phantom
  2741 | D:3      | Slain by a gnoll shaman

Illustrated notes

Levels and vault maps discovered:
D:1:      elethiomel_arrival_maze, layout_basic
D:2:      layout_basic, first_ration, doesnt_xom_only_xom
D:3:      layout_loops_cross
D:4:      layout_basic, moated_statue, kennysheep_windowed_goal, uniq_edmund,
          uniq_ijyb

Skill      XL: |  1  2  3  4  5 |
---------------+----------------+-----
Fighting       | 1 2 3 4 |  4.2
Armour         | 2 3 4 |  4.4
Spellcasting   | 2 |  2.0
Bows           | |  2.1
Shields        | |  2.4
Summonings     | |  2.9

Action                   |  1- 3 |  4- 6 || total
-------------------------+-------+-------++-------
Melee: Unarmed           |    13 |       ||    13
       Short sword       |   106 |    54 ||   160
       Headbutt          |    17 |     9 ||    26
  Use: Potion            |       |     3 ||     3
  Eat: Chunk             |     3 |     2 ||     5
Armor: Robe              |     5 |       ||     5
       Ring mail         |    45 |    34 ||    79
Dodge: Dodged            |    54 |    38 ||    92
